 Dungeon Crawl Stone Soup version 0.19.4-8-ga85b6b9 (webtiles) character file.

2341 JNO the Ruffian (level 9, -10/88 HPs)
             Began as a Troll Monk on Feb 8, 2017.
             Was a Believer of Makhleb.
             Mangled by Prince Ribbit (15 damage)
             ... on level 6 of the Dungeon on Feb 9, 2017.
             The game lasted 00:41:12 (5719 turns).

JNO the Ruffian (Troll Monk)                        Turns: 5719, Time: 00:41:12

Health: -10/88     AC:  7    Str: 22    XL:     9   Next: 20%
Magic:  8/8        EV: 12    Int:  6    God:    Makhleb [**....]
Gold:   338        SH:  0    Dex: 14    Spells: 0 memorised, 8 levels left

rFire  . . .     SeeInvis .       - Unarmed
rCold  . . .     Gourm    +     a - +1 robe
rNeg   . . .     Faith    .     (no shield)
rPois  .         Spirit   .     (helmet restricted)
rElec  .         Reflect  .     u - +0 cloak
rCorr  .         Harm     .     (gloves unavailable)
MR     .....                    (boots unavailable)
Stlth  ++........               (no amulet)
                                (no ring)
                                (no ring)

@: drained
A: unfitting armour, claws 3, fast metabolism 3, gourmand, regeneration 1,
shaggy fur 1, tough skin 2
a: Minor Destruction, Renounce Religion


You were on level 6 of the Dungeon.
You worshipped Makhleb.
Makhleb was pleased with you.
You were full.

You visited 2 branches of the dungeon, and saw 8 of its levels.

You collected 338 gold pieces.

Inventory:

Missiles
 n - 148 stones (quivered)
 y - 2 tomahawks
Armour
 a - a +1 robe (worn)
 u - a +0 cloak (worn)
Magical Staves
 m - an uncursed staff of summoning {unknown}
Wands
 c - a wand of digging (20/24)
Scrolls
 e - 3 scrolls of identify
 r - 4 scrolls of remove curse
Potions
 d - a potion of agility {unknown}
 i - 3 potions of cure mutation {unknown}
 j - a potion of mutation {unknown}
 k - a potion of might {unknown}
 l - 2 potions of invisibility {unknown}
 p - a potion of curing {unknown}
 q - a potion of heal wounds {unknown}
 v - a potion of flight {unknown}
Comestibles
 b - 5 bread rations
 f - a royal jelly
 g - a meat ration
 s - 2 beef jerkies
 x - a fruit


   Skills:
 + Level 5.6(5.2) Fighting
 + Level 4.7(4.3) Throwing
 + Level 5.6(5.2) Dodging
 - Level 2.0(1.7) Stealth
 + Level 6.8(6.4) Unarmed Combat
 + Level 1.0(0.7) Invocations


You had 8 spell levels left.
You didn't know any spells.

Dungeon Overview and Level Annotations

Branches:
Dungeon (7/15)             Temple (1/1) D:7

Altars:
Ashenzari
Elyvilon
Fedhas
Hepliaklqana
Kikubaaqudgha
Makhleb
Nemelex Xobeh
Okawaru
Ru
Sif Muna
Trog
Uskayaw
Vehumet
Xom
Zin
The Shining One

Annotations:
D:6 PeterLawrence's ghost, novice GrFi; Prince Ribbit


Innate Abilities, Weirdness & Mutations

You are too large for most types of armour.
You have claws for hands.
Your metabolism is lightning-fast.
You like to eat raw meat.
Your natural rate of healing is unusually fast.
You are covered in fur. (AC +1)
You have very tough skin. (AC +2)


Message History

Prince Ribbit barely misses you.
You closely miss Prince Ribbit.
Prince Ribbit is heavily wounded.
Prince Ribbit hits you.
You hear a distant slurping noise.
Prince Ribbit hits you!
You scratch Prince Ribbit.
Prince Ribbit is heavily wounded.
Prince Ribbit hits you!
* * * LOW HITPOINT WARNING * * *
You feel magically purged.
Prince Ribbit hits you but does no damage.
You are too injured to fight recklessly!
Prince Ribbit hits you!
* * * LOW HITPOINT WARNING * * *
Prince Ribbit blinks!
Prince Ribbit hits you!
* * * LOW HITPOINT WARNING * * *
Prince Ribbit hits you!
You die...

#...........#
###.........#
#.....###.#
#.....# #.#
#.....# #.#
##.....# #.#
####..##F.....
#.# ≈≈≈W.#
#...... #F#
≈##### #@# ##
#(# #.# #.#.#
#.#.# #.#.#
..#.# ..#.#
#.#


You could see Prince Ribbit.

Vanquished Creatures
  Sigmund (D:6)
  Eustachio (D:3)
  Edmund (D:6)
  Menkaure (D:5)
  The ghost of Agrougrou the Skirmisher, an amateur MiFi (D:3)
  2 ogres
  A centaur (D:7)
  2 bullfrogs
  4 wights (D:6)
  A crimson imp (D:5)
  2 centaur zombies
  2 hounds
  12 orc wizards
  A bullfrog skeleton (D:6)
  3 orc priests
  Jessica (D:3)
  Ijyb (D:3)
  An iguana (D:4)
  Natasha (thrice) (D:4)
  6 worker ants
  Robin (D:4)
  7 adders
  A shadow imp (D:6)
  An ooze (D:5)
  4 adder skeletons
  2 worms
  A dart slug (D:1)
  5 leopard geckos
  28 orcs
  7 bats
  A giant cockroach (D:2)
  15 goblins
  12 hobgoblins
  15 jackals
  8 kobolds
  A quokka (D:4)
  A ball python (D:2)
  3 frilled lizards
  9 rats
169 creatures vanquished.

Notes
Turn   | Place    | Note
-------+----------+-------------------------------------------
     0 | D:1      | JNO the Troll Monk began the quest for the Orb.
     0 | D:1      | Reached XP level 1. HP: 22/22 MP: 0/0
   218 | D:1      | Reached XP level 2. HP: 26/29 MP: 1/1
   543 | D:1      | Reached XP level 3. HP: 19/36 MP: 2/2
  1364 | D:2      | Reached XP level 4. HP: 44/44 MP: 3/3
  1626 | D:3      | Noticed Ijyb
  1640 | D:3      | Killed Ijyb
  1754 | D:3      | Found a shimmering altar of Xom.
  1767 | D:3      | Noticed Agrougrou's ghost (amateur MiFi)
  1782 | D:3      | Killed Agrougrou's ghost
  1782 | D:3      | Reached skill level 4 in Unarmed Combat
  1782 | D:3      | Reached XP level 5. HP: 42/53 MP: 4/4
  1842 | D:3      | Found an ancient bone altar of Kikubaaqudgha.
  1842 | D:3      | Found a stormy altar of Qazlal.
  1844 | D:3      | Found a bloodstained altar of Trog.
  1844 | D:3      | Found a hide-covered altar of Uskayaw.
  1844 | D:3      | Found a glowing golden altar of the Shining One.
  1952 | D:3      | Reached XP level 6. HP: 57/61 MP: 5/5
  2372 | D:3      | Noticed Jessica
  2381 | D:3      | Killed Jessica
  2381 | D:3      | Reached skill level 1 in Throwing
  2826 | D:4      | Reached XP level 7. HP: 55/68 MP: 6/6
  2923 | D:4      | Noticed Eustachio
  3081 | D:4      | Noticed Robin
  3091 | D:4      | Killed Robin
  3279 | D:4      | Reached skill level 5 in Unarmed Combat
  3385 | D:4      | Noticed Natasha
  3414 | D:4      | Killed Natasha
  3485 | D:4      | Noticed Natasha
  3489 | D:4      | Killed Natasha
  3584 | D:3      | Killed Eustachio
  3584 | D:3      | Reached XP level 8. HP: 29/79 MP: 7/7
  3676 | D:4      | Noticed Natasha
  3683 | D:4      | Killed Natasha
  3950 | D:5      | Entered Level 5 of the Dungeon
  4042 | D:5      | Noticed Menkaure
  4049 | D:5      | Killed Menkaure
  4162 | D:5      | Reached skill level 5 in Dodging
  4162 | D:5      | Reached skill level 6 in Unarmed Combat
  4381 | D:5      | Reached skill level 5 in Fighting
  4468 | D:6      | Noticed Prince Ribbit
  4475 | D:6      | You fall through a shaft!
  4539 | D:6      | Noticed Edmund
  4562 | D:6      | Killed Edmund
  4604 | D:6      | Noticed Sigmund
  4639 | D:6      | Found a glowing golden altar of the Shining One.
  4856 | D:7      | Found a staircase to the Ecumenical Temple.
  4866 | Temple   | Entered the Ecumenical Temple
  4942 | Temple   | Became a worshipper of Makhleb the Destroyer
  4942 | Temple   | Reached * piety under Makhleb
  4942 | Temple   | Reached ** piety under Makhleb
  5097 | D:6      | Reached XP level 9. HP: 71/88 MP: 8/8
  5182 | D:6      | Found a hazy altar of Hepliaklqana.
  5182 | D:6      | Found a sacrificial altar of Ru.
  5526 | D:6      | Killed Sigmund
  5526 | D:6      | Reached skill level 1 in Invocations
  5672 | D:6      | Noticed PeterLawrence's ghost (novice GrFi)
  5717 | D:6      | HP: 4/88 [Prince Ribbit (10)]
  5719 | D:6      | Mangled by Prince Ribbit

Skill      XL: |  1  2  3  4  5  6  7  8  9 |
---------------+----------------------------+-----
Fighting       | 3 4 5 |  5.6
Dodging        | 3 4 5 |  5.6
Stealth        | 2 |  2.0
Unarmed Combat | 4 5 6 |  6.8
Throwing       | 1 3 4 |  4.7
Invocations    | 1 |  1.0

Action                   |  1- 3 |  4- 6 |  7- 9 || total
-------------------------+-------+-------+-------++-------
Melee: Unarmed           |   114 |   132 |   312 ||   558
       Punch             |     3 |     5 |     8 ||    16
Throw: Stone             |       |    22 |    12 ||    34
Invok: Minor Destruction |       |       |     2 ||     2
  Use: Scroll            |       |     3 |     5 ||     8
       Potion            |       |       |     1 ||     1
 Stab: Sleeping          |     2 |     2 |     1 ||     5
       Distracted        |       |       |     2 ||     2
  Eat: Chunk             |    18 |    12 |    23 ||    53
       Meat ration       |       |       |     1 ||     1
Armor: Robe              |    48 |    26 |    90 ||   164
Dodge: Dodged            |    44 |    69 |   185 ||   298
